 Dungeon Crawl Stone Soup version 0.28.0-43-g3370ac3207 (console) character file.

Game seed: 17422597868548702121

88 Zeor the Skirmisher (level 4, 16/35 HPs)
             Began as a Demonspawn Abyssal Knight on Mar 30, 2022.
             Was a Believer of Lugonu.
             Quit the game on level 4 of the Dungeon.
             The game lasted 00:04:46 (1764 turns).

Zeor the Skirmisher (Demonspawn Abyssal Knight)     Turns: 1764, Time: 00:04:47

Health: 16/35      AC:  3    Str: 15    XL:     4   Next: 29%
Magic:  6/6        EV: 12    Int: 18    God:    Lugonu [**....]
Gold:   95         SH:  0    Dex: 21    Spells: 3/3 levels left

rFire   . . .      SeeInvis .   (no weapon)
rCold   . . .      Faith    .   (no shield)
rNeg    . . .      Spirit   .   b - +0 leather armour
rPois   .          Reflect  .   (no helmet)
rElec   .          Harm     .   (no cloak)
rCorr   .          Rampage  .   (no gloves)
Will    .....                   (no boots)
Stlth   +++.......              (no amulet)
HPRegen 0.11/turn               c - +6 ring of intelligence
MPRegen 0.20/turn               j - +6 ring of dexterity

@: no status effects
A: thin skeletal structure 1, magic regeneration, demonic touch 1
a: Renounce Religion, Depart the Abyss, Bend Space


You were on level 4 of the Dungeon.
You worshipped Lugonu.
Lugonu was pleased with you.
You visited 1 branch of the dungeon, and saw 3 of its levels.
You visited the Abyss 1 time.

You collected 95 gold pieces.

Inventory:

Missiles
 d - 5 poisoned darts
 i - 29 arrows
Armour
 b - a +0 leather armour (worn)
Jewellery
 c - a +6 ring of intelligence (left hand)
 j - a +6 ring of dexterity (right hand)
Potions
 e - a potion of resistance
 f - a potion of haste
 g - a potion of mutation {unknown}
 h - a potion of curing {unknown}


   Skills:
 + Level 3.5 Fighting
 * Level 2.8 Polearms
 + Level 2.0 Armour
 + Level 1.2 Dodging
 + Level 0.7 Stealth
 * Level 3.4 Invocations


You had 3 spell levels left.
You didn't know any spells.
Your spell library contained the following spells:

 Spells                   Type           Power      Damage    Failure   Level
 Blink                    Tloc           0%         N/A       38%         2
 Lesser Beckoning         Tloc           0%         N/A       63%         3
 Manifold Assault         Tloc           0%         N/A       100%        5


Dungeon Overview and Level Annotations

Branches:
Dungeon (2/15)

Altars:


Innate Abilities, Weirdness & Mutations

You have a somewhat thin skeletal structure. (Dex +2, Stealth+)
You regenerate magic rapidly.
Your touch may inflict minor irresistible damage on your foes.


Message History

j - a scroll of identify
As you read the scroll of identify, it crumbles to dust.
f - a potion of haste
Found a robe.
You open the door.
There is an open door here.
You see here a +0 robe.
You now have 82 gold pieces (gained 12).
Found a whip.
j - a +6 ring of dexterity You feel agile.
j - a +6 ring of dexterity (right hand)
You now have 95 gold pieces (gained 13).
A sourceless malevolence fills the Dungeon...
You fall into a shaft and drop 2 floors!
The shaft crumbles and collapses.
Found a leather armour.
A jelly comes into view.
The jelly quivers.
A kobold comes into view. It is wielding a +0 short sword.
You reach to attack!
You hit the jelly.
The jelly is lightly wounded.
You puncture the jelly!
Your hands burn!
The jelly is heavily wounded.
The jelly hits you.
You are splashed with acid!
You hit the jelly.
Your hands burn!
You touch the jelly.
The jelly is almost dead.
The jelly hits you but does no damage.
You are too injured to fight recklessly!
You are too injured to fight recklessly!
You hit the jelly.
You kill the jelly!
Lugonu accepts your kill.
The kobold shouts!
You have reached level 4!
You feel clever.
Your demonic ancestry asserts itself...
Your magic begins to regenerate rapidly.
You are now empty-handed.
You drop a +1 spear.
Enter note: screw this Are you sure you want to abandon this character and quit the game? (Confirm with "yes".) ▒▒ ▒▒ ∙∙∙∙

K▒∙ ∙∙ ∙▒▒ ∙
▒▒▒∙∙▒∙▒∙▒ ▒
▒∙6∙∙∙∙∙∙▒ ▒
▒∙▒▒▒▒▒▒▒▒ ∙
▒∙▒ ▒ ▒▒▒ ▒∙▒
▒▒ ▒▒∙▒▒ ▒∙▒
∙▒ ▒▒∙▒∙▒▒
▒∙▒
∙▒▒▒▒▒∙▒▒▒∙▒▒
▒∙▒ ∙∙∙∙∙∙▒▒
▒▒∙▒▒▒∙▒
∙∙∙∙∙▒▒
▒▒∙▒▒∙▒


You could see a kobold.

Vanquished Creatures
  A jelly (D:4)
  An adder (D:2)
  A worm (D:2)
  2 dart slugs (D:2)
  3 ball pythons (D:1)
  5 bats
  4 endoplasms (D:1)
  A giant cockroach (D:1)
  4 goblins
  5 hobgoblins
  6 kobolds
  2 quokkas (D:1)
  A frilled lizard (D:1)
  2 rats (D:1)
38 creatures vanquished.

Notes
Turn   | Place    | Note
-------+----------+-------------------------------------------
     0 | Abyss:1  | Zeor the Demonspawn Abyssal Knight began the quest for the
                  | Orb.
     0 | Abyss:1  | Reached XP level 1. HP: 18/18 MP: 2/2
     3 | Abyss:1  | Found a shimmering altar of Xom.
    14 | D:1      | Escaped the Abyss
   156 | D:1      | Reached skill level 1 in Dodging
   311 | D:1      | Gained mutation: Your touch may inflict minor irresistible
                  | damage on your foes. [demonic ancestry]
   311 | D:1      | Reached XP level 2. HP: 23/24 MP: 4/4
   695 | D:1      | Reached ** piety under Lugonu
   696 | D:1      | Gained mutation: You have a somewhat thin skeletal
                  | structure. (Dex +2, Stealth+) [demonic ancestry]
   696 | D:1      | Reached XP level 3. HP: 26/29 MP: 5/5
  1713 | D:2      | You fall into a shaft and drop 2 floors!
  1763 | D:4      | Gained mutation: You regenerate magic rapidly. [demonic
                  | ancestry]
  1763 | D:4      | Reached XP level 4. HP: 16/35 MP: 6/6
  1764 | D:4      | screw this
  1764 | D:4      | Quit the game

Illustrated notes ▒▒ ▒▒ ∙∙∙∙

K▒∙ ∙∙ ∙▒▒ ∙
▒▒▒∙∙▒∙▒∙▒ ▒
▒∙6∙∙∙∙∙∙▒ ▒
▒∙▒▒▒▒▒▒▒▒ ∙
▒∙▒ ▒ ▒▒▒ ▒∙▒
▒▒ ▒▒∙▒▒ ▒∙▒
∙▒ ▒▒∙▒∙▒▒
▒∙▒
∙▒▒▒▒▒∙▒▒▒∙▒▒
▒∙▒ ∙∙∙∙∙∙▒▒
▒▒∙▒▒▒∙▒
∙∙∙∙∙▒▒
▒▒∙▒▒∙▒


Turn 1764 on D:4: screw this

Levels and vault maps discovered:
D:1:      scummos_arrival_hexagon, layout_loops_ring, minmay_split_cup_small
D:2:      layout_basic
D:4:      layout_loops_cross, hangedman_decor_opposing, uniq_natasha

Skill      XL: |  1  2  3 |
---------------+----------+-----
Dodging        | 1 |  1.2
Polearms       | 2 |  2.8
Invocations    | 3 |  3.4
Armour         | 2 |  2.0
Fighting       | |  3.5
Stealth        | |  0.7

Action                   |  1- 3 |  4- 6 || total
-------------------------+-------+-------++-------
Melee: Spear             |   114 |       ||   114
       Touch             |    10 |       ||    10
       Punch             |     1 |       ||     1
  Use: Scroll            |     3 |       ||     3
 Stab: Sleeping          |     7 |       ||     7
Armor: Leather armour    |    12 |       ||    12
Dodge: Dodged            |    48 |       ||    48
